 Seeded DCSS version 0.29-a0-356-g7bc237e783 (webtiles) character file.

Game seed: 13387057801375688922 (custom seed)

16354 zeratav the Geomancer (level 12, -4/94 HPs)
             Began as an Octopode Transmuter on Apr 26, 2022.
             Was a Follower of Ashenzari.
             Slain by a yak (13 damage)
             ... on level 3 of the Lair of Beasts.
             The game lasted 00:27:22 (12976 turns).

zeratav the Geomancer (Octopode Transmuter)        Turns: 12976, Time: 00:27:23

Health: -4/94      AC: 13    Str: 17    XL:     12   Next: 36%
Magic:  23/25      EV: 19    Int: 19    God:    Ashenzari [*.....]
Gold:   340        SH:  0    Dex: 16    Spells: 12/17 levels left

rFire   x x .      SeeInvis .     - Unarmed
rCold   + + +      Faith    .   (shield currently unavailable)
rNeg    + + .      Spirit   .   (helmet currently unavailable)
rPois   +          Reflect  .   y - amulet of regeneration {@e2}
rElec   .          Harm     .   d - ring of Eghy {Will+ MP+9 EV+4 Dex+4}
rCorr   .          Rampage  .   r - ring "Xijusan" {Ice rN+ Slay+5}
Will    ++...                   t - +4 ring of protection
Stlth   +.........              z - +6 ring of strength
HPRegen 1.05/turn               C - ring "Share My Desperation" {Fly, Evo, Alch} (curse)
MPRegen 0.19/turn               E - ring of the Tethered Dismay {Fly, Self, Elem} (curse)
                                H - ring of Ashenzari's Annoyance {rN+, Alch, Self} (curse)
                                u - ring of willpower

@: ice-form, flying
A: freezing attack, boosted hp, almost no armour, amphibious, 8 rings, large,
(camouflage 1), (gelatinous body 1), (nimble swimmer 1), (tentacles)
a: End Transformation, Renounce Religion, Shatter the Chains


You were on level 3 of the Lair of Beasts.
You worshipped Ashenzari.
Ashenzari was aware of your devotion.
You were a creature of crystalline ice.
You visited 3 branches of the dungeon, and saw 15 of its levels.

You collected 988 gold pieces.
You spent 648 gold pieces at shops.


Innate Abilities, Weirdness & Mutations

You are a creature of crystalline ice.
You have a powerful freezing melee attack.
Your maximum health is increased.
Your armour is entirely melded.
You are incapable of wielding weapons or throwing items.
You cannot wear most types of armour.
You are amphibious.
You can wear up to eight rings at the same time.
((Your skin changes colour to match your surroundings (Stealth+).))
((Your rubbery body absorbs attacks. (AC +1, EV +1)))
((You are camouflaged when in or above water. (Stealth+)))
((You have tentacles for arms and can constrict up to eight enemies at once.))


   Skills:
 - Level 5.0(6.2) Fighting
 - Level 10.0 Dodging
 - Level 10.0 Unarmed Combat
 - Level 2.0(3.0) Spellcasting
 - Level 9.1(10.4) Transmutations
 + Level 10.8(11.6) Earth Magic


You had 12 spell levels left.
You knew the following spells:

 Your Spells              Type           Power      Damage    Failure   Level
a - Beastly Appendage     Tmut           84%        N/A       1%          1
b - Ice Form              Ice/Tmut       34%        N/A       17%         4

Your spell library contained the following spells:

 Spells                   Type           Power      Damage    Failure   Level
 Sandblast                Erth           94%        2d19      1%          1
 Passwall                 Tmut/Erth      36%        N/A       1%          2
 Wereblood                Tmut           42%        N/A       1%          2
 Lee's Rapid Deconstruct  Erth           23%        3d14*     3%          5
 Stone Arrow              Conj/Erth      50%        3d10      4%          3
 Spider Form              Tmut/Pois      23%        N/A       5%          3
 Blade Hands              Tmut           21%        N/A       6%          5
 Leda's Liquefaction      Hex/Erth       12%        N/A       14%         4
 Magic Dart               Conj           8%         1d3       16%         1
 Searing Ray              Conj           4%         2d4       22%         2
 Sublimation of Blood     Necr           2%         N/A       22%         2
 Statue Form              Tmut/Erth      29%        N/A       26%         6
 Portal Projectile        Hex/Tloc       4%         N/A       41%         3
 Fulminant Prism          Conj/Hex       1%         3d6       83%         4
 Eringya's Noxious Bog    Tmut/Pois      11%        N/A       95%         6
 Excruciating Wounds      Necr           1%         N/A       99%         5
 Summon Forest            Summ/Tloc      1%         N/A       99%         5
 Summon Hydra             Summ           1%         N/A       100%        7

Inventory:

Hand Weapons
 l - a +4 spectral club (melded) {mace}
   (You took it off Jessica on level 2 of the Dungeon)
 I - a +1 double sword of holy wrath {longrare=g}
   (You took it off Urug on level 10 of the Dungeon)
Jewellery
 d - the ring of Eghy (left front paw) {Will+ MP+9 EV+4 Dex+4}
   (You acquired it on level 1 of the Dungeon)

   [ring of evasion]

   EV:        It affects your evasion (+4).
   Dex:       It affects your dexterity (+4).
   MP:        It affects your magic capacity (+9).
   Will:      It increases your willpower.
 r - the ring "Xijusan" (right front paw) {Ice rN+ Slay+5}
   (You acquired it on level 4 of the Dungeon)

   [ring of ice]

   It enhances your ice magic.
   Slay:      It affects your accuracy & damage with ranged weapons and melee
   (+5).
   rF:        It makes you vulnerable to fire.
   rC:        It protects you from cold.
   rN:        It protects you from negative energy.
 t - a +4 ring of protection (on tentacle)
   (You took it off an orc wizard on level 4 of the Dungeon)
 u - a ring of willpower (on tentacle)
   (You found it on level 11 of the Dungeon)
 y - an amulet of regeneration (around neck) {@e2}
   (You found it on level 5 of the Dungeon)
 z - a +6 ring of strength (on tentacle)
   (You found it on level 6 of the Dungeon)
 C - the cursed ring "Share My Desperation" (on tentacle) {Fly, Evo, Alch}
   (You found it on level 7 of the Dungeon)

   [ring of flight]

   Fly:       It grants you flight.
   It has a curse which improves the following skills: Evocations: Evocations.
   Alchemy:   Poison Magic and Transmutations.
 E - the cursed ring of the Tethered Dismay (on tentacle) {Fly, Self, Elem}
   (You found it on level 7 of the Dungeon)

   [ring of flight]

   Fly:       It grants you flight.
   It has a curse which improves the following skills: Introspection: Fighting
   and Spellcasting.
   Elements:  Fire Magic, Ice Magic, Air Magic and Earth Magic.
 H - the cursed ring of Ashenzari's Annoyance (on tentacle) {rN+, Alch, Self}
   (You found it on level 10 of the Dungeon)

   [ring of positive energy]

   rN:        It protects you from negative energy.
   It has a curse which improves the following skills: Alchemy: Poison Magic and
   Transmutations.
   Introspection: Fighting and Spellcasting.
 J - a ring of poison resistance
   (You found it on level 1 of the Lair of Beasts)
Wands
 i - a wand of flame (27)
   (You found it on level 11 of the Dungeon)
 A - a wand of charming (13)
   (You found it on level 6 of the Dungeon)
 B - a wand of acid (13)
   (You found it on level 7 of the Dungeon)
 D - a wand of polymorph (4)
   (You found it on level 11 of the Dungeon)
Scrolls
 b - 7 scrolls of teleportation {@r4}
 f - 3 scrolls of enchant weapon
 g - 2 scrolls of enchant armour
 j - 2 scrolls of vulnerability {!r!r}
 p - 5 scrolls of fear
 v - 7 scrolls of holy word
 w - 2 scrolls of fog
 x - 3 scrolls of immolation {!r!r}
 F - 2 scrolls of brand weapon
 G - a scroll of blinking {!r}
Potions
 a - 3 potions of lignification {!q}
 c - 12 potions of curing {@q1}
 e - a potion of heal wounds {@q2}
 h - 5 potions of attraction {!q}
 k - a potion of berserk rage {!q}
 m - a potion of cancellation
 n - 4 potions of flight
 o - 3 potions of ambrosia
 q - 2 potions of mutation {!q}
 s - a potion of resistance
 K - a potion of brilliance

Dungeon Overview and Level Annotations

Branches:
Dungeon (11/15)            Temple (1/1) D:7            Lair (3/6) D:11
  Swamp (0/4) Lair:2          Orc (0/2) D:9
  Snake: Lair:2-4    Spider: Lair:2-4

Altars:
Ashenzari
Cheibriados
Dithmenos
Elyvilon
Fedhas
Gozag
Hepliaklqana
Kikubaaqudgha
Makhleb
Nemelex Xobeh
Okawaru
Qazlal
Ru
Sif Muna
Trog
Uskayaw
Vehumet
Wu Jian
Xom
Yredelemnul
Zin
The Shining One

Shops:
D:11 :

Portals:
Trove: D:10 (give 2 scrolls of acquirement)

Annotations:
D:2 1 runed translucent door, Crazy Yiuf
D:7 2 transporters, avis's ghost, novice OpTm
D:8 3 runed translucent doors, Hubjo's ghost, novice DEFE
D:10 Gastronok
Lair:1 2 transporters, RepHenryClay's ghost, journeyman MfGl
Lair:2 1 runed translucent door, jaega1's ghost, journeyman HOFi

#... ...# ...## #... ..#
## #..# ..# #.. #..# ..##
#... ###..# ...#
##....##Y#..####..####
.......Y#Y#.#.#.#.#..#
........)............####
........#.#.#.#.#.#......
................>.....P#.
......###.#.#.#.#.#...P..
......#.................P
........#.#.#.#.#.#..<.PP
.......................PP


You could see 2 yaks.


Message History

The eight-headed hydra bites you. The eight-headed hydra misses you.
The eight-headed hydra bites you but does no damage.
The eight-headed hydra completely misses you.
The eight-headed hydra barely misses you.
The eight-headed hydra closely misses you.
HP[-4] MP[-4]
You take 4 damage, and now have 70/94 hp.
You lost 4 mp, and now have 20/25 mp.
You punch the eight-headed hydra! You freeze the eight-headed hydra.
The eight-headed hydra bites you!
The eight-headed hydra bites you but does no damage. x2
The eight-headed hydra misses you.
The eight-headed hydra barely misses you.
The eight-headed hydra bites you!
The eight-headed hydra bites you but does no damage.
The eight-headed hydra bites you.
HP[-21]
You take 21 damage, and now have 49/94 hp.
MASSIVE DAMAGE!! (PAUSE)
You punch the eight-headed hydra!
The eight-headed hydra seems to slow down.
You freeze the eight-headed hydra. The yak closely misses you.
HP[+1]
You punch the eight-headed hydra!
The eight-headed hydra seems to slow down.
You freeze the eight-headed hydra! The yak completely misses you.
The eight-headed hydra bites you.
* * * LOW HITPOINT WARNING * * *
The eight-headed hydra bites you.
* * * LOW HITPOINT WARNING * * *
The eight-headed hydra bites you!
* * * LOW HITPOINT WARNING * * *
The eight-headed hydra barely misses you.
The eight-headed hydra bites you.
* * * LOW HITPOINT WARNING * * *
The eight-headed hydra misses you. The eight-headed hydra bites you.
* * * LOW HITPOINT WARNING * * *
The eight-headed hydra bites you but does no damage.
HP[-31]
You take 31 damage, and now have 19/94 hp.
MASSIVE DAMAGE!! (PAUSE)
You punch the eight-headed hydra!
The eight-headed hydra seems to slow down.
You freeze the eight-headed hydra. The yak barely misses you.
HP[+1] MP[+1]
You punch the eight-headed hydra!
The eight-headed hydra seems to slow down.
You freeze the eight-headed hydra.
You kill the eight-headed hydra!
The yak gores you.
* * * LOW HITPOINT WARNING * * *
HP[-4]
You take 4 damage, and now have 16/94 hp.
You feel much better. The yak misses you. The yak gores you!
* * * LOW HITPOINT WARNING * * *
HP[+16]
You regained 16 hp, and now have 32/94 hp.
You hit the yak. You freeze the yak. You punch the yak! You freeze the yak!
The yak closely misses you. The yak gores you!
* * * LOW HITPOINT WARNING * * *
HP[-9]
You take 9 damage, and now have 23/94 hp.
You pummel the yak!! You freeze the yak.
You kill the yak!
The yak gores you.
* * * LOW HITPOINT WARNING * * *
HP[-2]
You take 2 damage, and now have 21/94 hp.
You barely miss the yak. The yak misses you. x2
HP[+1] MP[+1]
You punch the yak! You freeze the yak.
You kill the yak!
The yak barely misses you.
HP[+1]
You pummel the yak!! You freeze the yak. The yak completely misses you.
The yak barely misses you.
HP[+1]
You pummel the yak!! You freeze the yak.
You kill the yak!
The yak gores you.
* * * LOW HITPOINT WARNING * * *
HP[-3]
You take 3 damage, and now have 21/94 hp.
You pummel the cane toad!! You freeze the cane toad. The cane toad stings you.
* * * LOW HITPOINT WARNING * * *
HP[-4]
You take 4 damage, and now have 17/94 hp.
You punch the cane toad! You freeze the cane toad.
You kill the cane toad!
The yak completely misses you.
HP[+1]
You pummel the yak!! You freeze the yak! The yak misses you. The yak gores you.
* * * LOW HITPOINT WARNING * * *
HP[-1] MP[+1]
You take 1 damage, and now have 17/94 hp.
You hit the yak. You freeze the yak. The yak gores you!
* * * LOW HITPOINT WARNING * * *
The yak gores you!
You die...

Skill      XL: |  1  2  3  4  5  6  7  8  9 10 11 12 |
---------------+-------------------------------------+-----
Unarmed Combat | 4 5 6 7 8 10 | 10.0
Dodging        | 5 10 | 10.0
Fighting       | 2 5 |  5.0
Transmutations | 5 7 9 |  9.1
Earth Magic    | 5 7 8 10 | 10.8
Spellcasting   | |  2.0

Action                   |  1- 3 |  4- 6 |  7- 9 | 10-12 || total
-------------------------+-------+-------+-------+-------++-------
Melee: Unarmed           |    60 |       |    22 |   259 ||   341
       Constrict         |    12 |    24 |    29 |     3 ||    68
       Kick              |    14 |    34 |    19 |       ||    67
       Tentacles         |     6 |    15 |    27 |     1 ||    49
       Punch             |     2 |     2 |     8 |       ||    12
       Club              |       |    83 |    94 |     9 ||   186
 Cast: Beastly Appendage |    15 |    29 |    30 |       ||    74
       Ice Form          |       |       |     3 |    52 ||    55
Invok: Curse Item        |       |       |     2 |     1 ||     3
  Use: Scroll            |     1 |     1 |       |     1 ||     3
       Potion            |       |       |       |     2 ||     2
 Stab: Sleeping          |     3 |     8 |     3 |     1 ||    15
       Distracted        |     1 |       |       |       ||     1
Armor: Skin              |     3 |     4 |     9 |    65 ||    81
Dodge: Dodged            |    31 |    66 |    91 |   191 ||   379

Levels and vault maps discovered:
D:1:      saegor_arrival_fortress, layout_rooms,
          shapermc_ecumenical_altar_acropolis, hangedman_decor_riveting
D:2:      layout_loops_corners, serial_rivers, chequers_serial_rivers_micro_a,
          chequers_serial_rivers_room_b, chequers_serial_rivers_large_b,
          chequers_serial_rivers_micro_b, minmay_randomly_rotated_circles,
          uniq_crazy_yiuf_cottage, uniq_terence, uniq_jessica
D:3:      layout_loops_cross, nicolae_overflow_hidden_temple
D:4:      layout_basic, lemuel_crystal_altar, mainiacjoe_overflow_alcove_2,
          minmay_distorted
D:5:      minmay_evil_eye, layout_cave_pools, minmay_crystal_room
D:6:      layout_cave_pools, kennysheep_donut, minmay_misc_feat_tower
D:7:      nicolae_cairo_tiling_very_big, layout_loops_ring,
          minmay_temple_entry_mini_moons, gammafunk_ghost_berserking_beasts
D:8:      layout_basic, ebering_ghost_rock_garden
D:9:      layout_stronghold, mainiacjoe_overflow_boulevard, david_orc_1_choice
D:10:     layout_irregular_city, mainiacjoe_overflow_cross_hatched,
          mainiacjoe_overflow_divided_tiny, enter_trove_1, serial_column_ruins,
          column_ruins_square_small, column_ruins_square_large,
          column_ruins_open_small, column_ruins_open_tiny,
          column_ruins_open_small, column_ruins_columns_corner,
          column_ruins_columns_T, minmay_fractal_squares_diagonal_5, uniq_snorg,
          uniq_gastronok, uniq_urug
D:11:     layout_basic, grunt_lair_entry_orc_guard_hut, serial_shops,
          nicolae_shop_hallway_stairs, glass_columns_a, uniq_nergalle
Temple:   regret_index_temple_generic_petals
Lair:1:   layout_chaotic_city, gammafunk_ghost_hive, dreamdust_wasp_nest,
          grunt_megastairs_1
Lair:2:   layout_hall_layers, swamp_mist, ebering_ghost_funeral_grove
Lair:3:   layout_small_grid, st_stairs_11, dreamdust_mushroom_princess,
          tgw_fedhas, serial_bayou_shore_b

Notes
Turn   | Place    | Note
-------+----------+-------------------------------------------
     0 | D:1      | zeratav the Octopode Transmuter began the quest for the
                  | Orb.
     0 | D:1      | Reached XP level 1. HP: 13/13 MP: 3/3
     0 | D:1      | magus.rc [v1.9.6]
   147 | D:1      | Reached XP level 2. HP: 10/18 MP: 5/5
   340 | D:1      | You pick up a book of Geomancy and begin reading...
   340 | D:1      | You add the spells Sandblast, Passwall and Stone Arrow to
                  | your library.
   411 | D:1      | Identified a scroll of acquirement
   411 | D:1      | Acquired the ring of Eghy {Will+ MP+9 EV+4 Dex+4}
   480 | D:1      | Found a faded altar of an unknown god.
   814 | D:1      | You pick up a book of Blood and begin reading...
   814 | D:1      | You add the spells Sublimation of Blood and Summon Hydra to
                  | your library.
   919 | D:1      | Reached skill level 4 in Unarmed Combat
  1058 | D:2      | Reached XP level 3. HP: 22/23 MP: 6/6
  1158 | D:2      | Noticed Terence
  1388 | D:2      | Noticed Jessica
  1398 | D:2      | Killed Jessica
  1399 | D:2      | Reached XP level 4. HP: 23/28 MP: 7/7
  1604 | D:2      | Killed Terence
  1605 | D:2      | Reached skill level 5 in Unarmed Combat
  1945 | D:2      | Reached XP level 5. HP: 29/33 MP: 8/8
  2401 | D:2      | You fall into a shaft and drop 1 floor!
  2684 | D:3      | Reached skill level 6 in Unarmed Combat
  2934 | D:2      | Found a runed translucent door.
  2935 | D:2      | Noticed Crazy Yiuf
  3278 | D:3      | Reached XP level 6. HP: 12/37 MP: 9/9
  3549 | D:3      | Found a white marble altar of Elyvilon.
  3812 | D:4      | Acquired the ring "Xijusan" {Ice rN+ Slay+5}
  3921 | D:4      | Found a blossoming altar of Fedhas.
  4069 | D:4      | Reached skill level 7 in Unarmed Combat
  4331 | D:4      | Found a shimmering altar of Xom.
  4422 | D:4      | Reached XP level 7. HP: 15/43 MP: 10/10
  4422 | D:4      | HP: 10/43 [phantom (5)]
  4426 | D:4      | Reached skill level 8 in Unarmed Combat
  4777 | D:4      | Reached skill level 3 in Dodging
  5064 | D:4      | Reached skill level 4 in Dodging
  5111 | D:5      | Entered Level 5 of the Dungeon
  5740 | D:6      | Reached skill level 5 in Dodging
  5740 | D:6      | Reached skill level 2 in Fighting
  5740 | D:6      | Reached XP level 8. HP: 50/50 MP: 11/11
  5843 | D:6      | Reached skill level 3 in Fighting
  5878 | D:6      | Reached skill level 4 in Fighting
  5903 | D:6      | Reached skill level 5 in Fighting
  6307 | D:7      | Found a staircase to the Ecumenical Temple.
  6368 | D:8      | Reached skill level 3 in Transmutations
  6430 | Temple   | Entered the Ecumenical Temple
  6653 | Temple   | Became a worshipper of Ashenzari the Shackled
  6876 | D:7      | Found a transporter.
  6877 | D:7      | Noticed avis's ghost (novice OpTm)
  6879 | D:7      | Noticed a wyvern
  6880 | D:7      | Noticed a catoblepas
  6893 | D:7      | Found a transporter.
  6996 | D:7      | Reached skill level 4 in Transmutations
  7048 | D:7      | Reached skill level 5 in Transmutations
  7048 | D:7      | Reached XP level 9. HP: 21/61 MP: 12/12
  7348 | D:8      | Reached skill level 6 in Transmutations
  7573 | D:8      | Noticed a cyclops
  7591 | D:8      | Learned a level 4 spell: Ice Form
  7594 | D:8      | Found a runed translucent gate.
  7595 | D:8      | Found a runed translucent gate.
  7595 | D:8      | Found a runed translucent gate.
  7595 | D:8      | Noticed Hubjo's ghost (novice DEFE)
  7600 | D:8      | Killed a cyclops
  7601 | D:8      | Reached skill level 7 in Transmutations
  7921 | D:9      | Reached * piety under Ashenzari
  7967 | D:9      | Reached skill level 1 in Earth Magic
  8088 | D:9      | Reached skill level 2 in Earth Magic
  8132 | D:9      | Noticed a tengu conjurer
  8132 | D:9      | Noticed a tengu warrior
  8133 | D:9      | Reached skill level 3 in Earth Magic
  8144 | D:9      | HP: 11/74 [tengu warrior/+0 great sword (13)]
  8146 | D:9      | Killed a tengu warrior
  8147 | D:9      | Reached skill level 5 in Earth Magic
  8147 | D:9      | Reached XP level 10. HP: 11/68 MP: 13/13
  8152 | D:9      | Reached skill level 6 in Earth Magic
  8251 | D:9      | Found a glowing silver altar of Zin.
  8297 | D:9      | Reached skill level 7 in Earth Magic
  8464 | D:9      | Found a staircase to the Orcish Mines.
  8655 | D:9      | Reached skill level 8 in Transmutations
  8709 | D:9      | Noticed a two-headed ogre
  8712 | D:9      | Killed a two-headed ogre
  8990 | D:9      | Reached skill level 9 in Transmutations
  9274 | D:10     | Entered Level 10 of the Dungeon
  9326 | D:10     | Found an opulent altar of Gozag.
  9326 | D:10     | Found a hide-covered altar of Uskayaw.
  9375 | D:10     | Noticed Gastronok
  9434 | D:10     | Noticed Urug
  9478 | D:10     | Killed Urug
  9479 | D:10     | Reached skill level 9 in Unarmed Combat
  9493 | D:10     | I - a +1 double sword of holy wrath {longrare=g}
  9531 | D:10     | Found a hazy altar of Hepliaklqana.
  9556 | D:10     | Noticed a gargoyle
  9562 | D:10     | Killed a gargoyle
  9577 | D:10     | Found a portal to a secret trove of treasure.
  9606 | D:11     | Reached skill level 10 in Unarmed Combat
  9606 | D:11     | Reached XP level 11. HP: 55/72 MP: 14/14
  9677 | D:11     | Reached skill level 6 in Dodging
  9762 | D:11     | You pick up a book of Conjurations {@e2} and begin
                  | reading...
  9762 | D:11     | You add the spells Magic Dart, Searing Ray and Fulminant
                  | Prism to your library.
  9822 | D:11     | Found a staircase to the Lair.
 10016 | D:11     | Noticed a two-headed ogre
 10023 | D:11     | Killed a two-headed ogre
 10024 | D:11     | Reached skill level 7 in Dodging
 10174 | D:11     | You pick up a book of Weapons and begin reading...
 10174 | D:11     | You add the spells Portal Projectile, Excruciating Wounds
                  | and Blade Hands to your library.
 10315 | D:11     | Noticed a cyclops
 10341 | D:11     | Killed a cyclops
 10369 | D:11     | Found Mirex's Book Emporium.
 10373 | D:11     | Bought a book of the Earth for 648 gold pieces
 10373 | D:11     | You pick up a book of the Earth and begin reading...
 10373 | D:11     | You add the spells Leda's Liquefaction, Lee's Rapid
                  | Deconstruction and Statue Form to your library.
 10381 | D:11     | Reached skill level 8 in Dodging
 10447 | D:11     | Noticed a brown ugly thing
 10453 | D:11     | Killed a brown ugly thing
 10514 | D:11     | Noticed Nergalle
 10529 | D:11     | Killed Nergalle
 10673 | Lair:1   | Entered Level 1 of the Lair of Beasts
 10687 | Lair:1   | Reached skill level 9 in Dodging
 10773 | Lair:1   | Found a transporter.
 10778 | Lair:1   | Found a transporter.
 10778 | Lair:1   | Noticed RepHenryClay's ghost (journeyman MfGl)
 10873 | Lair:1   | Paralysed by a hornet for 2 turns
 11115 | Lair:1   | Reached skill level 10 in Dodging
 11427 | Lair:1   | Reached skill level 8 in Earth Magic
 11741 | Lair:2   | You add the spells Summon Forest and Eringya's Noxious Bog
                  | to your library.
 11825 | Lair:2   | Found a staircase to the Swamp.
 11995 | Lair:2   | Found a runed translucent door.
 11998 | Lair:2   | Noticed jaega1's ghost (journeyman HOFi)
 12002 | Lair:2   | Identified the +5 trident of Xaabe {vamp, rC+ rCorr}
 12002 | Lair:2   | Noticed a spriggan rider
 12065 | Lair:2   | Noticed a seven-headed hydra
 12321 | Lair:2   | Killed a seven-headed hydra
 12322 | Lair:2   | Reached XP level 12. HP: 65/78 MP: 15/15
 12810 | Lair:3   | Noticed a seven-headed hydra
 12811 | Lair:3   | Reached skill level 9 in Earth Magic
 12831 | Lair:3   | Killed a seven-headed hydra
 12943 | Lair:3   | Noticed an eight-headed hydra
 12947 | Lair:3   | Reached skill level 10 in Earth Magic
 12962 | Lair:3   | HP: 19/94 [eight-headed hydra (6)]
 12964 | Lair:3   | Killed an eight-headed hydra
 12967 | Lair:3   | HP: 23/94 [yak (10)]
 12972 | Lair:3   | HP: 21/94 [yak (4)]
 12976 | Lair:3   | HP: 9/94 [yak (9)]
 12976 | Lair:3   | Slain by a yak

Vanquished Creatures
  3 hydras
  2 two-headed ogres
  A tengu warrior (D:9)
  Nergalle (D:11)
  Urug (D:10)
  2 cyclopes
  An ugly thing (D:11)
  4 cane toads
  A gargoyle (D:10)
  3 komodo dragons
  A tengu conjurer (D:9)
  A troll (D:11)
  7 hornets (Lair:1)
  A shadow (D:11)
  A wraith (D:11)
  10 yaks
  A wyvern (Lair:3)
  A steam dragon (D:7)
  4 vampire mosquitoes (D:10)
  6 water moccasins
  A black bear (D:4)
  7 orc warriors
  2 ogres
  2 phantoms
  11 bullfrogs
  A scorpion (D:6)
  7 killer bees (D:9)
  4 howler monkeys
  2 electric eels (D:11)
  3 jellies
  2 hounds (D:6)
  9 orc priests
  Jessica (D:2)
  Terence (D:2)
  6 iguanas
  7 orc wizards
  12 adders
  A shadow imp (D:8)
  A white imp (D:7)
  2 worms (D:2)
  A dart slug (D:3)
  41 orcs
  12 ball pythons
  4 bats
  8 endoplasms
  7 giant cockroaches
  8 goblins
  9 hobgoblins
  3 jackals (D:5)
  5 quokkas
  4 frilled lizards (D:1)
  2 kobolds (D:1)
  6 rats
244 creatures vanquished.

Vanquished Creatures (others)
  2 fungi
  8 plants
10 creatures vanquished.

Grand Total: 254 creatures vanquished

Table legend:
 A = Non-vault XP
 B = Vault XP
 C = Vault XP percentage of total XP
 D = Non-vault monster count
 E = Vault monster count
 F = Vault count percentage of total count
                 A         B        C        D         E       F
            +---------+---------+-------+---------+---------+-------
      Total |   16717 |    6646 |  28.4 |     206 |      38 |  15.6
            +---------+---------+-------+---------+---------+-------
        D:1 |      29 |       0 |   0.0 |      20 |       0 |   0.0
        D:2 |      79 |      82 |  50.9 |      21 |       8 |  27.6
        D:3 |     133 |       0 |   0.0 |      20 |       0 |   0.0
        D:4 |     657 |      38 |   5.5 |      27 |       3 |  10.0
        D:5 |      12 |       0 |   0.0 |       5 |       0 |   0.0
        D:6 |     907 |       0 |   0.0 |      20 |       0 |   0.0
        D:7 |     563 |       0 |   0.0 |      13 |       0 |   0.0
        D:8 |     841 |       0 |   0.0 |       9 |       0 |   0.0
        D:9 |    3094 |     507 |  14.1 |      21 |       9 |  30.0
       D:10 |    1223 |     784 |  39.1 |      14 |       1 |   6.7
       D:11 |    3160 |    1659 |  34.4 |      14 |       6 |  30.0
     Lair:1 |    1406 |    2089 |  59.8 |       5 |       8 |  61.5
     Lair:2 |    1339 |       0 |   0.0 |       5 |       0 |   0.0
     Lair:3 |    3274 |    1487 |  31.2 |      12 |       3 |  20.0
            +---------+---------+-------+---------+---------+-------

Illustrated notes

Table legend:
 A = Kills in this place as a percentage of kills in entire the game.
 B = Kills by you in this place as a percentage of kills by you in the entire game.
 C = Kills by friends in this place as a percentage of kills by friends in the entire game.
 D = Other kills in this place as a percentage of other kills in the entire game.
 E = Experience gained in this place as a percentage of experience gained in the entire game.
 F = Experience gained in this place divided by the number of levels of this place that you have seen.
                   A       B       C       D       E      F
               +-------+-------+-------+-------+-------+----------------------
         Total | 100.0 | 100.0 |   N/A |   N/A | 100.0 | 1557.5
       Dungeon |  86.5 |  86.5 |   N/A |   N/A |  58.9 | 1251.6
          Lair |  13.5 |  13.5 |   N/A |   N/A |  41.1 | 3198.3
               +-------+-------+-------+-------+-------+----------------------

Table legend: (Time is in decaauts)
 A = Elapsed time spent in this place.
 B = Non-inter-level travel time spent in this place.
 C = Inter-level travel time spent in this place.
 D = Time resting spent in this place.
 E = Time spent auto-exploring this place.
 F = Levels seen in this place.
 G = Mean time per level.
                   A        B        C        D        E       F      G
               +--------+--------+--------+--------+--------+-----+--------+
         Total |  12986 |  12039 |    947 |   1932 |   7726 |  15 |  865.7 |
       Dungeon |  10442 |   9750 |    692 |   1807 |   6119 |  11 |  949.3 |
        Temple |    255 |    204 |     51 |      0 |    198 |   1 |  255.0 |
          Lair |   2288 |   2085 |    203 |    124 |   1409 |   3 |  762.7 |
               +--------+--------+--------+--------+--------+-----+--------+

Top non-repeatable levels by time:
     D:2: 1634 daAuts
     D:9: 1349 daAuts
     D:4: 1346 daAuts
     D:3: 1161 daAuts
    D:11: 1053 daAuts
  Lair:2: 1025 daAuts
     D:1: 996 daAuts
  Lair:1: 919 daAuts
     D:7: 793 daAuts
     D:6: 669 daAuts
     D:8: 648 daAuts
     D:5: 458 daAuts
  Lair:3: 343 daAuts
    D:10: 330 daAuts
  Temple: 255 daAuts
